 Dungeon Crawl Stone Soup version 0.28-a0-793-g31680bbd8b (webtiles) character file.

Game seed: 10242346482058039239

1640 ytrimaz the Cutter (level 8, -2/54 HPs)
             Began as an Octopode Fighter on Nov 3, 2021.
             Was an Initiate of Ashenzari.
             Killed from afar by a lava snake (22 damage)
             ... with a glob of lava
             ... on level 7 of the Dungeon.
             The game lasted 00:08:56 (7038 turns).

ytrimaz the Cutter (Octopode Fighter)               Turns: 7038, Time: 00:08:57

Health: -2/54      AC:  1    Str: 17    XL:     8   Next: 99%
Magic:  8/8        EV: 15    Int: 10    God:    Ashenzari [......]
Gold:   215        SH:  5    Dex: 12    Spells: 7/7 levels left

rFire   . . .      SeeInvis +   a - +0 rapier (vamp)
rCold   . . .      Faith    .   b - +0 buckler
rNeg    . . .      Spirit   .   (helmet restricted)
rPois   .          Reflect  .   (no amulet)
rElec   .          Harm     .   i - ring "Cursed With Me" {SInv, Bglg, Evo} (curse)
rCorr   .          Rampage  .   (no ring)
Will    .....                   (no ring)
Stlth   ++++......              (no ring)
HPRegen 0.18/turn               (no ring)
MPRegen 0.11/turn               (no ring)
                                (no ring)
                                (no ring)

@: no status effects
A: almost no armour, amphibious, 8 rings, camouflage 1, gelatinous body 1,
(nimble swimmer 1), tentacles
a: Renounce Religion, Shatter the Chains


You were on level 7 of the Dungeon.
You worshipped Ashenzari.
Ashenzari was noncommittal.
You visited 2 branches of the dungeon, and saw 8 of its levels.

You collected 215 gold pieces.

Inventory:

Hand Weapons
 a - a +0 vampiric rapier (weapon)
Armour
 b - a +0 buckler (worn)
Jewellery
 i - the cursed ring "Cursed With Me" (left tentacle) {SInv, Bglg, Evo}
   (You found it on level 4 of the Dungeon)

   [ring of see invisible]

   SInv:      It lets you see invisible.
   It has a curse which improves the following skills: Beguiling: Conjurations,
   Hexes and Translocations.
   Evocations: Evocations.
 o - a ring of ice
Wands
 e - a wand of charming (9)
 j - a wand of mindburst (13)
 k - a wand of iceblast (5)
 p - a wand of polymorph (4)
Scrolls
 d - 2 scrolls of teleportation
 h - 2 scrolls of blinking
 m - a scroll of summoning
Potions
 g - 4 potions of attraction
 l - a potion of brilliance
 n - a potion of might


   Skills:
 + Level 4.2 Fighting
 * Level 7.1 Short Blades
 * Level 5.7 Dodging
 * Level 7.1 Stealth
 * Level 4.9 Shields


You had 7 spell levels left.
You didn't know any spells.
Your spell library contained the following spells:

 Spells                   Type           Power      Damage    Failure   Level
 Animate Skeleton         Necr           0%         N/A       36%         1
 Apportation              Tloc           0%         N/A       36%         1
 Pain                     Necr           0%         1d4       36%         1
 Summon Small Mammal      Summ           0%         N/A       36%         1
 Dazzling Flash           Conj/Hex       0%         N/A       75%         3
 Vampiric Draining        Necr           0%         2d6       75%         3
 Agony                    Necr           0%         N/A       100%        5
 Fireball                 Conj/Fire      0%         3d3       100%        5
 Silence                  Hex/Air        0%         N/A       100%        5
 Starburst                Conj/Fire      0%         6d3       100%        6
 Ignition                 Fire           0%         3d3       100%        8


Dungeon Overview and Level Annotations

Branches:
Dungeon (7/15)             Temple (1/1) D:6

Altars:
Ashenzari
Elyvilon
Fedhas
Gozag
Hepliaklqana
Kikubaaqudgha
Makhleb
Nemelex Xobeh
Okawaru
Qazlal
Ru
Sif Muna
Trog
Uskayaw
Vehumet
Wu Jian
Yredelemnul
Zin
The Shining One

Shops:
D:5 :

Annotations:
D:4 3 runed translucent doors, bande's ghost, amateur GrFi


Innate Abilities, Weirdness & Mutations

You cannot wear most types of armour.
You are amphibious.
You can wear up to eight rings at the same time.
Your skin changes colour to match your surroundings (Stealth+).
Your rubbery body absorbs attacks. (AC +1, EV +1)
((You are camouflaged near water. (Stealth+)))
You have tentacles for arms and can constrict up to eight enemies at once.


Message History

You hit the wight.
You destroy the wight!
Your life force feels restored.
Things that are here:
a +4 great sword; a +0 robe
As you read the scroll of identify, it crumbles to dust.
m - a scroll of summoning
As you read the scroll of identify, it crumbles to dust.
c - a potion of degeneration You see here 30 bolts.
Found a scroll of teleportation.
A frilled lizard comes into view.
You drop a potion of degeneration.
A lava snake comes into view. 2 gnolls come into view.
A gnoll is wielding a +0 club of chaos.
A gnoll is wielding a +0 spear of chaos.
The frilled lizard hisses angrily.
A gnoll comes into view. It is wielding a +2 dagger of chaos.
You block the frilled lizard's attack.
You see here a scroll of teleportation.
You hit the frilled lizard.
You feel better.
You kill the frilled lizard!
You see here a scroll of teleportation.
You see here a scroll of teleportation.
d - 2 scrolls of teleportation (gained 1)
You hear the rapid hiss of a very distant avalanche of sand.
The gnoll shouts!
A rat comes into view.
The lava snake spits lava at you. The glob of lava hits you!
You puncture the gnoll!
You feel better.
Your grab misses the gnoll. Your squeeze misses the gnoll.
The gnoll is severely wounded.
You block the gnoll's attack.
You completely miss the gnoll. You grab the gnoll. You squeeze the gnoll.
You kill the gnoll!
Unknown command.
The lava snake spits lava at you. The glob of lava hits you!!
You die...

≈§ ##≈≈.####.........
≈≈## .##.............).
§§§≈####..............#..
§§§§≈≈S...............###
#.§§.............##..##..
##..............###......
...........#.............
#.....#....##.......
#.)@..!.............
###....#(....)......
######.######..)......
##..≈.≈#.#.# ###.......
##.≈......≈≈# ##......
#..≈.≈≈≈#...≈≈. ###....
#..#.#.##≈≈≈≈...# ....
#..##.##.#⌠##.≈≈# ...
##..####.##≈≈⌠.#. ...


You could see a lava snake (catching breath).

Vanquished Creatures
  4 water moccasins
  A sky beast (D:7)
  2 ogres
  Blork the orc (D:5)
  A wyvern zombie (D:5)
  A scorpion (D:5)
  3 wights
  A howler monkey (D:6)
  4 hounds
  3 centaur skeletons
  An orc priest (D:7)
  3 iguanas
  5 orc wizards
  A killer bee zombie (D:6)
  2 hound skeletons (D:4)
  A gnoll (D:7)
  A howler monkey skeleton (D:5)
  5 adders
  A shadow imp (D:6)
  2 ufetubi
  A worm (D:3)
  3 dart slugs
  14 orcs
  6 ball pythons
  6 endoplasms
  4 giant cockroaches
  4 goblins
  2 hobgoblins
  3 kobolds
  5 bats
  3 frilled lizards
  6 rats
100 creatures vanquished.

Vanquished Creatures (others)
  A goblin (D:4)
  A quokka (D:4)
2 creatures vanquished.

Grand Total: 102 creatures vanquished

Notes
Turn   | Place    | Note
-------+----------+-------------------------------------------
     0 | D:1      | ytrimaz the Octopode Fighter began the quest for the Orb.
     0 | D:1      | Reached XP level 1. HP: 16/16 MP: 1/1
   372 | D:1      | Reached XP level 2. HP: 21/21 MP: 2/2
   513 | D:1      | Found a faded altar of an unknown god.
   766 | D:2      | You fall into a shaft and drop 1 floor!
   946 | D:3      | Reached skill level 1 in Stealth
   955 | D:3      | Reached XP level 3. HP: 21/26 MP: 3/3
  1228 | D:2      | Reached XP level 4. HP: 11/31 MP: 4/4
  2181 | D:3      | Reached XP level 5. HP: 24/36 MP: 5/5
  3118 | D:4      | Found a runed translucent gate.
  3118 | D:4      | Found a runed translucent gate.
  3118 | D:4      | Found a runed translucent gate.
  3148 | D:4      | Noticed a steam dragon
  3387 | D:4      | Reached XP level 6. HP: 14/42 MP: 6/6
  3744 | D:4      | Noticed bande's ghost (amateur GrFi)
  3924 | D:4      | Found an opulent altar of Gozag.
  4109 | D:5      | Entered Level 5 of the Dungeon
  4170 | D:5      | Noticed Blork the orc
  4179 | D:5      | Killed Blork the orc
  4180 | D:5      | Reached skill level 5 in Stealth
  4349 | D:5      | Noticed a water moccasin
  4364 | D:5      | Killed a water moccasin
  4365 | D:5      | Reached XP level 7. HP: 46/46 MP: 7/7
  4468 | D:5      | Reached skill level 5 in Short Blades
  4934 | D:5      | Reached XP level 8. HP: 47/54 MP: 8/8
  5232 | D:5      | Found Zusmafui's Book Boutique.
  5366 | D:6      | Reached skill level 5 in Dodging
  5688 | D:6      | Found a staircase to the Ecumenical Temple.
  5715 | Temple   | Entered the Ecumenical Temple
  5904 | Temple   | Became a worshipper of Ashenzari the Shackled
  6042 | D:6      | Found a sacrificial altar of Ru.
  6067 | D:6      | Noticed a boulder beetle
  6210 | D:6      | Found a glowing golden altar of the Shining One.
  7038 | D:7      | Killed from afar by a lava snake

Illustrated notes

Levels and vault maps discovered:
D:1:      moated_graveyard_arrival, layout_basic, basic_ecumenical_altar
D:2:      layout_loops_ring, kennysheep_decorative_pillar
D:3:      layout_rooms, minivault_4, kennysheep_generic_room_12
D:4:      minmay_wonky_spiral, layout_loops_ring, grunt_gozag_statues,
          gammafunk_ghost_icy
D:5:      layout_basic, serial_shops, nicolae_shop_behind_doors,
          uniq_blork_the_orc
D:6:      layout_loops_cross, mainiacjoe_overflow_surrounded_room,
          overflow_temple_1_default, temple_green, serial_glass,
          glass_columns_c, glass_columns_a, glass_columns_c, glass_columns_b,
          glass_columns_b, glass_columns_a, minmay_misc_feat_four_crosses,
          uniq_crazy_yiuf_cottage
D:7:      layout_cave_pools, mainiacjoe_overflow_tiny_flanked, tgw_xom,
          mainiacjoe_overflow_brackets, nicolae_ossuary_entry_monument,
          grunt_decor_junction
Temple:   lightli_temple_of_artemis

Skill      XL: |  1  2  3  4  5  6  7  8 |
---------------+-------------------------+-----
Stealth        | 1 2 3 4 5 6 7 |  7.1
Short Blades   | 3 4 5 7 |  7.1
Dodging        | 4 5 |  5.7
Shields        | 4 |  4.9
Fighting       | 4 |  4.2

Action                   |  1- 3 |  4- 6 |  7- 9 || total
-------------------------+-------+-------+-------++-------
Melee: Rapier            |    36 |    88 |   147 ||   271
       Constrict         |     9 |    17 |    21 ||    47
       Tentacles         |     8 |    20 |    31 ||    59
Invok: Curse Item        |       |       |     1 ||     1
  Use: Scroll            |       |     9 |     4 ||    13
       Potion            |       |     3 |     7 ||    10
 Stab: Sleeping          |     8 |    12 |     5 ||    25
Armor: Skin              |     1 |     5 |    59 ||    65
Dodge: Dodged            |    17 |    50 |    61 ||   128
Block: Buckler           |     7 |    15 |    35 ||    57

Table legend: (Time is in decaauts)
 A = Elapsed time spent in this place.
 B = Non-inter-level travel time spent in this place.
 C = Inter-level travel time spent in this place.
 D = Time resting spent in this place.
 E = Time spent auto-exploring this place.
 F = Levels seen in this place.
 G = Mean time per level.
                   A        B        C        D        E       F      G
               +--------+--------+--------+--------+--------+-----+--------+
         Total |   6997 |   6846 |    151 |   1690 |   4121 |   8 |  874.6 |
       Dungeon |   6788 |   6656 |    132 |   1690 |   3943 |   7 |  969.7 |
        Temple |    209 |    190 |     19 |      0 |    178 |   1 |  209.0 |
               +--------+--------+--------+--------+--------+-----+--------+

Top non-repeatable levels by time:
     D:4: 1346 daAuts
     D:6: 1226 daAuts
     D:5: 1222 daAuts
     D:2: 1024 daAuts
     D:3: 963 daAuts
     D:1: 765 daAuts
     D:7: 239 daAuts
  Temple: 209 daAuts
